 Dungeon Crawl Stone Soup version 0.24.0-37-gcf1ca852f1 (webtiles) character file.

Game seed: 4723377455880066193, levelgen mode: deterministic

57 Delamore the Chopper (level 4, 39/39 HPs)
             Began as a Hill Orc Fighter on Nov 28, 2019.
             Was an Initiate of Gozag.
             Quit the game on level 2 of the Dungeon.
             The game lasted 00:02:46 (1700 turns).

Delamore the Chopper (Hill Orc Fighter)             Turns: 1700, Time: 00:02:47

Health: 39/39      AC:  6    Str: 19    XL:     4   Next: 0%
Magic:  4/4        EV:  7    Int: 13    God:    Gozag
Gold:   149        SH:  9    Dex: 10    Spells: 3/3 levels left

rFire    . . .     SeeInvis .   (no weapon)
rCold    . . .     Gourm    .   c - +0 shield
rNeg     . . .     Faith    .   b - +0 scale mail
rPois    .         Spirit   .   (no helmet)
rElec    .         Reflect  .   (no cloak)
rCorr    +         Harm     .   (no gloves)
MR       .....                  (no boots)
Stlth    ..........             (no amulet)
HPRegen  0.13/turn              i - +5 ring of intelligence
MPRegen  0.09/turn              q - ring of resist corrosion (curse)

@: no status effects
A: no striking features
a: Potion Petition, Call Merchant, Bribe Branch, Renounce Religion


You were on level 2 of the Dungeon.
You worshipped Gozag.
Gozag was aware of your devotion.
You were not hungry.

You visited 1 branch of the dungeon, and saw 3 of its levels.

You collected 149 gold pieces.

Inventory:

Hand Weapons
 a - a +0 war axe
Armour
 b - a +0 scale mail (worn)
 c - a +0 shield (worn)
Jewellery
 i - a +5 ring of intelligence (left hand)
 q - a cursed ring of resist corrosion (right hand)
Scrolls
 e - a scroll of teleportation {unknown}
 g - a scroll of enchant weapon {unknown}
 k - 2 scrolls of identify
 l - a scroll of magic mapping {unknown}
 m - a scroll of enchant armour {unknown}
 o - a scroll of noise {unknown}
 s - a scroll of immolation {unknown}
 t - a scroll of remove curse
Potions
 d - a potion of might
 h - a potion of mutation {unknown}
 j - a potion of brilliance {unknown}
 n - a potion of agility {unknown}
 r - a potion of degeneration {unknown}
Comestibles
 f - 8 rations
 p - a chunk of flesh


   Skills:
 - Level 3.6 Fighting
 + Level 5.5 Axes
 - Level 3.2 Armour
 - Level 3.2 Shields


You had 3 spell levels left.
You didn't know any spells.
Your spell library was empty.

Dungeon Overview and Level Annotations

Branches:
Dungeon (3/15)

Altars:
Dithmenos
Elyvilon
Gozag
Hepliaklqana
Nemelex Xobeh
Qazlal
Xom


Message History

You see here a leopard gecko corpse.
You butcher the leopard gecko corpse.
p - a chunk of flesh You see here a leopard gecko skeleton.
There is a stone staircase leading up here.
You climb upwards.
There is a stone staircase leading down here.
You are now empty-handed.
Unknown command.
Unknown command.
There is an opulent altar of Gozag here.
There is a faded altar of an unknown god here.
You cannot tell which god this altar belongs to.
Convert to them anyway?
Gozag accepts your prayer! Gozag welcomes you!
Gozag waives the service fee.
Gozag offers you a free set of potion effects!
Are you sure you want to abandon this character and quit the game? (Confirm with "yes".)
Okay, then.
Are you sure you want to abandon this character and quit the game? (Confirm with "yes".)

..#
#.......(.†.......#
..#
#......(#....♣..#.#
..#
#.........♣♣♣♣.♣..#
..#
#...(..♣♣♣.♣♣♣♣.♣.#
).#
#.......♣♣♣♣♣...♣.#
..#
#......♣♣♣♣♣..♣♣..##
..#
#.......♣♣.♣♣♣.♣♣..#
###
#.......♣♣♣.♣♣.♣...# #
##...#.♣♣@.♣.♣.♣.♣.#
## #.#.#.♣♣.♣♣♣.♣♣♣..#
.# #.#.#.♣♣♣.♣♣♣♣♣.♣.#
.##
#.#.#.♣♣♣♣♣♣♣♣.♣..#
..# #.#.#..# #♣..#.###
..# #.#..### #..####
..#######.##..#####.##
..........###.......#
...####...###....."##


There were no monsters in sight!

Vanquished Creatures
  An adder (D:2)
  2 worms (D:2)
  2 leopard geckos
  3 giant cockroaches
  5 goblins
  4 hobgoblins
  2 jackals (D:1)
  4 kobolds
  6 bats
  3 frilled lizards (D:2)
  9 rats
41 creatures vanquished.

Notes
Turn   | Place    | Note
-------+----------+-------------------------------------------
     0 | D:1      | Delamore the Hill Orc Fighter began the quest for the Orb.
     0 | D:1      | Reached XP level 1. HP: 19/19 MP: 1/1
    57 | D:1      | Reached skill level 3 in Axes
   190 | D:1      | Reached XP level 2. HP: 22/26 MP: 2/2
   346 | D:1      | Reached skill level 4 in Axes
   646 | D:2      | Found a stormy altar of Qazlal.
   649 | D:2      | Noticed an earth elemental
   830 | D:2      | Reached XP level 3. HP: 22/31 MP: 3/3
   970 | D:2      | Found an opulent altar of Gozag.
  1010 | D:2      | Reached skill level 5 in Axes
  1054 | D:2      | Found a sparkling altar of Nemelex Xobeh.
  1181 | D:2      | Found a faded altar of an unknown god.
  1336 | D:2      | Found a shimmering altar of Xom.
  1336 | D:2      | Found a white marble altar of Elyvilon.
  1355 | D:2      | Found a shadowy altar of Dithmenos.
  1379 | D:2      | Noticed a water elemental
  1380 | D:2      | Noticed a fire elemental
  1380 | D:2      | Noticed an air elemental
  1617 | D:3      | Found a hazy altar of Hepliaklqana.
  1620 | D:3      | Reached XP level 4. HP: 38/39 MP: 4/4
  1699 | D:2      | Became a worshipper of Gozag Ym Sagoz the Greedy
  1700 | D:2      | Quit the game

Levels and vault maps discovered:
D:1:      lightli_arrival_flooded_house, layout_loops_ring
D:2:      layout_rooms, marbit_many_paths,
          nicolae_gozag_cash_rules_everything_around_me,
          nicolae_qazlal_style_of_elements, gammafunk_temple_overflow_claw,
          first_ration, chequers_ecumenical_altar_grove, serial_bayou,
          serial_bayou_shore_b, serial_bayou_pond_b, serial_bayou_pond_d,
          serial_bayou_ford_a, minmay_3d_cube
D:3:      layout_basic, lemuel_crystal_altar, chequers_mini_garden,
          kennysheep_boxes

Skill      XL: |  1  2  3 |
---------------+----------+-----
Axes           | 3 4 5 |  5.5
Fighting       | |  3.6
Armour         | |  3.2
Shields        | |  3.2

Action                   |  1- 3 |  4- 6 || total
-------------------------+-------+-------++-------
Melee: War axe           |   205 |       ||   205
  Use: Scroll            |     2 |       ||     2
  Eat: Chunk             |     3 |       ||     3
Armor: Scale mail        |   109 |       ||   109
Dodge: Dodged            |    70 |       ||    70
Block: Shield            |   124 |       ||   124
